 Dungeon Crawl Stone Soup version 0.29.1-2-gbd0b4ee654 (webtiles) character file.

Game seed: 10920786790919314829

64215 DemonSlayer the Thaumaturge (level 14, 0/115 HPs)
             Began as a Demonspawn Fire Elementalist on Oct 26, 2022.
             Was the Champion of Jiyva.
             Slain by a thrashing horror (7 damage)
             ... on level 3 of the Abyss.
             The game lasted 01:35:46 (23434 turns).

DemonSlayer the Thaumaturge (DsFE)                 Turns: 23434, Time: 01:35:47

Health: 0/115      AC:  8    Str: 20    XL:     14   Next: 71%
Magic:  50/50      EV: 12    Int: 24    God:    Jiyva [******]
Gold:   281        SH:  0    Dex: 12    Spells: 5/41 levels left

rFire   + . .      SeeInvis +   u - +5 dagger of the Feeding Weasel {freeze, Str+4}
rCold   + . .      Faith    .   d - +1 kite shield {rC+}
rNeg    . . .      Spirit   .   h - +3 robe of Clouds {*Thunder rCloud rElec}
rPois   .          Reflect  .   (helmet unavailable)
rElec   +          Harm     .   k - +0 cloak
rCorr   +          Rampage  .   E - +2 pair of gloves {Stlth+}
Will    +....      Clarity  +   (no boots)
Stlth   ++++......              x - amulet of regeneration
HPRegen 3.49/turn               z - ring of magical power
MPRegen 0.82/turn               n - ring of magical power

@: confused, ambrosia-drunk, on berserk cooldown, hasted and slowed
A: antennae 3, robust 2, big brain 3, demonic magic 1, claws 1, fangs 1,
clarity, clever 1, fire resistance 1, regeneration 1, strong 2, wild magic 1,
pseudopods 2, translucent skin 1, MP-powered wands, sturdy frame 3, [dopey 2],
[screaming 2], ([teleportitis 2]), [no potion heal 2]
a: Renounce Religion, Oozemancy, Slimify


You were on level 3 of the Abyss.
You worshipped Jiyva.
Jiyva was exalted by your worship.
You visited 3 branches of the dungeon, and saw 21 of its levels.
You visited the Abyss 1 time.
You visited 1 bazaar.
You also visited: Sewer and Ossuary.

You collected 1608 gold pieces.
You spent 1327 gold pieces at shops.

Inventory:

Hand Weapons
 u - the +5 dagger of the Feeding Weasel (weapon) {freeze, Str+4}
   (You bought it in a shop on level 3 of the Dungeon)

   It freezes those it strikes, dealing additional cold damage.
   It can also slow down cold-blooded creatures.
   Str:       It affects your strength (+4).
Armour
 d - a +1 kite shield of cold resistance (worn)
 h - the +3 robe of Clouds (worn) {*Thunder rCloud rElec}
   (You found it on level 4 of the Dungeon)

   It occasionally creates storm clouds above nearby enemies.
   It grants its wearer immunity to clouds.
   rElec:     It insulates you from electricity.
 k - a +0 cloak (worn)
 q - the +9 plate armour of the Lily {Regen+ MP+9 Str-2}
   (You acquired it on level 14 of the Dungeon)

   Str:       It affects your strength (-2).
   MP:        It affects your magic capacity (+9).
   Regen:     It increases your rate of health regeneration.
 C - the +1 robe of Soemom {*Corrode rF++ Will+ Regen+}
   (You found it on level 6 of the Dungeon)

   rF:        It greatly protects you from fire.
   Regen:     It increases your rate of health regeneration.
   *Corrode:  It may corrode you when you take damage.
   Will:      It increases your willpower.
 E - a +2 pair of gloves of stealth (worn)
Jewellery
 n - a ring of magical power (right hand)
 x - an amulet of regeneration (around neck)
 z - a ring of magical power (left hand)
Wands
 e - a wand of flame (13)
 o - a wand of polymorph (8)
 v - a wand of acid (6)
 A - a wand of digging (5)
Scrolls
 f - 9 scrolls of teleportation
 i - 4 scrolls of butterflies
 r - a scroll of magic mapping
 t - 7 scrolls of enchant armour
 y - a scroll of poison
 B - a scroll of torment
 F - 2 scrolls of immolation
 O - a scroll of blinking
 Q - a scroll of brand weapon
Potions
 b - 2 potions of magic
 c - 4 potions of lignification
 g - 2 potions of flight
 j - a potion of brilliance
 l - 3 potions of might
 p - 4 potions of mutation
 s - 4 potions of attraction
 w - 6 potions of curing
 D - a potion of cancellation
 G - a potion of resistance
 I - a potion of haste
Miscellaneous
 m - a condenser vane


   Skills:
 + Level 4.5 Fighting
 + Level 4.9 Short Blades
 + Level 1.0 Armour
 + Level 5.9 Dodging
 + Level 11.4 Stealth
 + Level 0.9 Shields
 + Level 14.3 Spellcasting
 + Level 5.3 Conjurations
 + Level 13.8 Fire Magic
 + Level 0.2 Air Magic
 + Level 1.1 Evocations


You had 5 spell levels left.
You knew the following spells:

 Your Spells              Type           Power      Damage    Failure   Level
a - Foxfire               Conj/Fire      100%       2x1d9     1%          1
b - Scorch                Fire           100%       2d10      1%          2
c - Conjure Flame         Conj/Fire      70%        6-21      1%          3
d - Flame Wave            Conj/Fire      70%        2d16      1%          4
e - Sticky Flame          Conj/Fire      70%        2d8       1%          4
f - Swiftness             Air            23%        N/A       17%         3
g - Dispel Undead         Necr           22%        3d12      47%         4
h - Passwall              Tmut/Erth      18%        N/A       10%         2
i - Lightning Bolt        Conj/Air       19%        1d34      45%         5
j - Summon Lightning Spi  Summ/Air       23%        N/A       45%         4
k - Airstrike             Air            11%        2d(2-18)  45%         4

Your spell library contained the following spells:

 Spells                   Type           Power      Damage    Failure   Level
 Inner Flame              Hex/Fire       60%        N/A       1%          3
 Static Discharge         Conj/Air       39%        3-8/arc   3%          2
 Beastly Appendage        Tmut           44%        N/A       7%          1
 Ensorcelled Hibernation  Hex/Ice        44%        N/A       10%         2
 Poisonous Vapours        Pois/Air       46%        N/A       10%         2
 Wereblood                Tmut           22%        N/A       10%         2
 Spider Form              Tmut/Pois      22%        N/A       19%         3
 Corpse Rot               Necr/Pois/Air  22%        N/A       47%         4


Dungeon Overview and Level Annotations

Branches:
Dungeon (14/15)            Temple (0/1) D:6            Lair (5/5) D:10
  Swamp (0/4) Lair:2       Spider (0/4) Lair:2        Slime (0/5) Lair:4
    Orc (2/2) D:9             Elf (0/3) Orc:2        Vaults (0/5) D:13
  Sewer (visited)         Ossuary (visited)

Altars:
Cheibriados
Dithmenos
Hepliaklqana
Kikubaaqudgha
Okawaru
Ru
Sif Muna
Vehumet

Shops:
D:2 (   D:3 ([[(?   D:4 [   D:5 :   D:9 *   Orc:2 ?[:[

Annotations:
D:8 1 runed translucent door


Innate Abilities, Weirdness & Mutations

You have a pair of large antennae on your head. (SInv)
You are very robust. (+20% HP)
You have an absolutely massive brain. (Int +6, Wiz)
Spells you cast may paralyse adjacent enemies.
You have sharp fingernails.
You have very sharp teeth.
You possess an exceptional clarity of mind.
Your mind is acute. (Int +4, Str/Dex -1)
Your flesh is heat resistant. (rF+)
Your natural rate of healing is unusually fast.
Your muscles are very strong. (Str +8, Int/Dex -2)
Your spells are a little harder to cast, but a little more powerful.
Armour fits poorly on your large pseudopods.
Your translucent skin slightly reduces your foes' accuracy. (Stealth+)
You expend magic power (3 MP) to strengthen your wands.
Your movements are significantly less encumbered by armour. (ER -6)
[You are very dopey. (Int -4)]
[You frequently scream uncontrollably at your foes.]
[((You are often teleported next to monsters.))]
[Potions cannot restore your health.]


Message History

You feel yourself speed up.
Storm clouds gather above the thrashing horror.
The thrashing horror roars!
The thrashing horror tramples you!
* * * LOW HITPOINT WARNING * * *
You hold your ground!
The thrashing horror closely misses you.
The thrashing horror is struck by lightning.
The wretched star is struck by lightning.
The wretched star pulses with an eldritch light!
You feel weirdly uncertain.
You feel even more weirdly uncertain.
You feel stupid. x2
Your butterfly twists and deforms.
The raiju bites you.
* * * LOW HITPOINT WARNING * * *
The raiju shocks you. You resist.
* * * LOW HITPOINT WARNING * * *
The wretched star is struck by lightning.
The wretched star pulses with an eldritch light!
You feel the urge to shout.
You feel a strong urge to scream.
Your butterfly twists and deforms.
Unknown command.
Unknown command.
Unknown command.
You are confused.
Your system rejects the healing.
You feel invigorated.
Your butterfly disappears in a burst of colours!
The thrashing horror closely misses you. x2
The raiju misses you.
The wretched star is struck by lightning.
Unknown command.
You bump into the rock wall.
The raiju bursts into living lightning!
The living lightning hits you. You resist.
* * * LOW HITPOINT WARNING * * *
The raiju blinks!
The thrashing horror is struck by lightning.
The thrashing horror closely misses you.
The thrashing horror tramples you!
You die...

. #. # . .
...##.. . .
#.##...#....
......... .
#...#.......
.......... .
#....#.... ..
###X...#......
# #.@*...#...
.. # ###h..##
..... .
###.......† #
#..###. . ##
..# ..# #
..#..# . #. ..
# ..X# #.bb


XX{{ .. . . # ..#b{... .. .. You could see a wretched star, a thrashing horror
and a raiju.

Vanquished Creatures
  A tentacled starspawn (Abyss:3)
  Gastronok (D:8)
  A caustic shrike skeleton (Abyss:3)
  Josephine (Orc:1)
  A yaktaur captain (D:13)
  3 boulder beetles
  3 ogre magi (Orc:2)
  6 hydras
  4 centaur warriors
  5 two-headed ogres
  3 death yaks (Lair:5)
  Erica (D:8)
  3 tengu warriors
  2 thrashing horrors (Abyss:3)
  3 skeletal warriors (D:12)
  Pikel (D:7)
  3 lindwurms
  3 cyclopes
  2 deep elf pyromancers
  9 orc sorcerers (Orc:2)
  4 black mambas
  Joseph (D:8)
  2 elephants (Lair:5)
  Maurice (D:12)
  5 rime drakes
  A komodo dragon (shapeshifter) (D:14)
  8 cane toads
  Maggie (D:9)
  2 yaktaurs (D:13)
  5 komodo dragons
  A kobold demonologist (D:14)
  10 trolls
  3 hornets
  A polar bear (Lair:4)
  3 dream sheep (Lair:5)
  13 blink frogs
  3 raiju (Abyss:3)
  A small abomination (Abyss:3)
  2 jumping spiders (Lair:2)
  2 shadows
  8 wraiths
  2 wyverns
  3 basilisks
  Grum (D:8)
  28 yaks
  12 vampire mosquitoes
  2 steam dragons (D:8)
  Menkaure (D:4)
  2 wargs
  8 water moccasins
  An acid dragon (D:11)
  3 ice beasts
  11 orc warriors
  2 sky beasts (D:7)
  2 black bears
  6 ogres
  4 wolves
  15 centaurs
  A lemure (D:7)
  12 bullfrogs
  3 kobold brigands
  6 necrophages (Lair:3)
  2 gnoll sergeants
  A scorpion (D:5)
  19 wights
  4 killer bees (D:10)
  2 howler monkeys (D:8)
  7 electric eels
  2 jellies (Sewer)
  A gnoll bouda (D:6)
  4 hounds
  13 orc priests
  Terence (D:2)
  2 iguanas
  27 orc wizards
  4 mummies
  Robin (D:2)
  15 gnolls
  11 adders
  2 river rats (Sewer)
  2 shadow imps
  5 white imps
  2 ufetubi
  3 worms
  4 dart slugs
  82 orcs
  4 bats
  15 endoplasms
  12 giant cockroaches
  A gnoll zombie (Ossuary)
  16 goblins
  16 hobgoblins
  5 jackals
  16 kobolds
  6 quokkas
  15 ball pythons
  8 frilled lizards
  2 goblin zombies (Ossuary)
  5 hobgoblin zombies
  3 kobold zombies (Ossuary)
  An orc zombie (D:8)
  11 rats
  A butterfly (Lair:3)
611 creatures vanquished.

Vanquished Creatures (collateral kills)
  A boulder beetle (D:13)
  A deep elf pyromancer (D:13)
  An ugly thing (D:13)
  6 foxfires (Lair:2)
9 creatures vanquished.

Vanquished Creatures (others)
  An ugly thing (D:13)
  A cane toad (Lair:2)
  A slime creature (D:13)
  2 shadows (D:10)
  2 water moccasins
  An orc warrior (Orc:2)
  A black bear (D:8)
  A centaur (D:9)
  5 bullfrogs
  A killer bee (D:10)
  51 jellies
  5 orc wizards
  An adder (D:4)
  7 orcs
  2 butterflies (Lair:3)
  380 foxfires
  36 fungi
  180 plants
  3 starspawn tentacles (Abyss:3)
681 creatures vanquished.

Grand Total: 1301 creatures vanquished

Notes
Turn   | Place    | Note
-------+----------+-------------------------------------------
     0 | D:1      | DemonSlayer the Demonspawn Fire Elementalist began the
                  | quest for the Orb.
     0 | D:1      | Reached XP level 1. HP: 13/13 MP: 3/3
   417 | D:1      | Gained mutation: You have an unusually large brain. (Int
                  | +2) [demonic ancestry]
   417 | D:1      | Reached XP level 2. HP: 5/19 MP: 0/5
   845 | D:1      | Learned a level 2 spell: Scorch
  1639 | D:2      | Noticed Robin
  1647 | D:2      | Gained mutation: You have a pair of small antennae on your
                  | head. [demonic ancestry]
  1647 | D:2      | Reached XP level 3. HP: 24/24 MP: 6/6
  1794 | D:2      | Noticed Terence
  1800 | D:2      | Killed Terence
  1833 | D:2      | Reached XP level 4. HP: 21/30 MP: 0/7
  2843 | D:1      | Learned a level 3 spell: Conjure Flame
  2855 | D:2      | Killed Robin
  3566 | D:2      | Reached skill level 3 in Spellcasting
  3566 | D:2      | Reached XP level 5. HP: 35/35 MP: 4/9
  3757 | D:2      | Found Seteept's Antique Weapon Shoppe.
  3820 | D:2      | Learned a level 4 spell: Flame Wave
  3843 | D:3      | Found Faoleaz's Weapon Shoppe.
  3872 | D:3      | Reached skill level 1 in Short Blades
  3953 | D:3      | Found Woafiwac's Antique Weapon Boutique.
  3954 | D:3      | Found Piecouwkeb's Magic Scroll Boutique.
  4061 | D:3      | Bought a scroll of identify for 22 gold pieces
  4061 | D:3      | Bought a scroll of enchant armour for 82 gold pieces
  4124 | D:3      | Found an iron altar of Okawaru.
  4331 | D:3      | Found Hobletee's Antique Armour Emporium.
  4336 | D:3      | Found Patoamar's Armour Emporium.
  4836 | D:4      | Found the +3 robe of Clouds {*Thunder rCloud rElec}
  4926 | D:4      | Found Fauqid's Armour Shoppe.
  5008 | D:4      | Noticed Menkaure
  5014 | D:4      | Killed Menkaure
  5015 | D:4      | Reached skill level 1 in Fighting
  5015 | D:4      | Reached XP level 6. HP: 43/43 MP: 3/11
  5313 | D:4      | Found a glowing drain.
  5319 | Sewer    | Entered a sewer
  5550 | Sewer    | Reached skill level 4 in Spellcasting
  5951 | Sewer    | Found a viscous altar of Jiyva.
  5964 | Sewer    | Became a worshipper of Jiyva Jifadam the Shapeless
  6708 | D:3      | Bought an ancient dagger for 126 gold pieces
  6708 | D:3      | Identified the +5 dagger of the Feeding Weasel {freeze,
                  | Str+4} (You bought it in a shop on level 3 of the Dungeon)
  6765 | D:5      | Entered Level 5 of the Dungeon
  6795 | D:5      | Reached * piety under Jiyva
  6797 | D:5      | Gained mutation: You have an extremely huge brain. (Int +4)
                  | [demonic ancestry]
  6797 | D:5      | Reached XP level 7. HP: 48/48 MP: 13/13
  6804 | D:5      | Reached skill level 5 in Fire Magic
  6832 | D:5      | Reached skill level 5 in Spellcasting
  7138 | D:5      | Found Icwupec's Book Shoppe.
  7233 | D:5      | Reached ** piety under Jiyva
  7278 | D:5      | Gained mutation: You have an absolutely massive brain. (Int
                  | +6, Wiz) [demonic ancestry]
  7278 | D:5      | Reached XP level 8. HP: 54/54 MP: 13/16
  7693 | D:6      | Reached skill level 6 in Spellcasting
  7837 | D:6      | Found a staircase to the Ecumenical Temple.
  7909 | D:6      | Identified the +1 robe of Soemom {*Corrode rF++ Will+
                  | Regen+}
  8219 | D:6      | Reached *** piety under Jiyva
  8303 | D:6      | Reached skill level 7 in Spellcasting
  8305 | D:6      | Gained mutation: Spells you cast may paralyse adjacent
                  | enemies. [demonic ancestry]
  8305 | D:6      | Reached XP level 9. HP: 59/61 MP: 2/19
  8986 | D:7      | Gained mutation: You expend magic power (3 MP) to
                  | strengthen your wands. [Jiyva's grace]
  8986 | D:7      | Gained mutation: Your flesh is heat resistant. (rF+)
                  | [Jiyva's grace]
  8986 | D:7      | Gained mutation: Your flesh is very heat resistant. (rF++)
                  | [Jiyva's grace]
  8986 | D:7      | Gained mutation: Your flesh is almost immune to the effects
                  | of heat. (rF+++) [Jiyva's grace]
  9203 | D:7      | Reached **** piety under Jiyva
  9337 | D:7      | Noticed Pikel
  9348 | D:7      | Killed Pikel
  9349 | D:7      | Reached skill level 8 in Spellcasting
  9444 | D:7      | Found the +1 Delatra's gloves {ID++}
  9790 | D:8      | Noticed Erica
  9802 | D:8      | Killed Erica
  9803 | D:8      | Reached skill level 9 in Spellcasting
  9803 | D:8      | Gained mutation: You have a pair of antennae on your head.
                  | [demonic ancestry]
  9803 | D:8      | Reached XP level 10. HP: 55/67 MP: 10/23
  9896 | D:8      | Noticed a two-headed ogre
  9898 | D:8      | Noticed a tengu warrior
  9905 | D:8      | Noticed a two-headed ogre
  9974 | D:8      | Killed a two-headed ogre
 10046 | D:8      | Noticed Grum
 10052 | D:8      | Killed Grum
 10063 | D:8      | Noticed Gastronok
 10065 | D:8      | Noticed Joseph
 10170 | D:8      | Killed Joseph
 10244 | D:8      | Found a sand-covered staircase.
 10251 | Ossuary  | Entered an ossuary
 10356 | Ossuary  | Gained mutation: You have sharp toenails. [Jiyva's grace]
 10356 | Ossuary  | Gained mutation: You have razor-sharp toenails. [Jiyva's
                  | grace]
 10356 | Ossuary  | Gained mutation: You have claws for feet. [Jiyva's grace]
 10356 | Ossuary  | Gained mutation: Your melee attacks may engulf your foes in
                  | ooze. [Jiyva's grace]
 10782 | D:8      | Killed a tengu warrior
 10783 | D:8      | Reached skill level 10 in Spellcasting
 10816 | D:8      | Noticed a centaur warrior
 10828 | D:8      | Killed a centaur warrior
 10829 | D:8      | Reached skill level 10 in Fire Magic
 10832 | D:8      | Killed a two-headed ogre
 10833 | D:8      | Gained mutation: You have a pair of large antennae on your
                  | head. (SInv) [demonic ancestry]
 10833 | D:8      | Reached XP level 11. HP: 69/72 MP: 16/25
 10848 | D:8      | Killed Gastronok
 10982 | D:8      | Found a runed translucent door.
 11565 | D:8      | Identified the +1 leather armour of Conscience {rPois Str-3
                  | Int+4}
 11639 | D:8      | Found a hazy altar of Hepliaklqana.
 11640 | D:8      | Found a shadowy altar of Dithmenos.
 11876 | D:9      | Reached skill level 11 in Spellcasting
 11948 | D:9      | Found Juesmifi's Overcharged Wands.
 12096 | D:9      | Identified the +1 pair of boots of the Stallion {Slay+3
                  | SInv}
 12134 | D:9      | Noticed Maggie
 12189 | D:9      | Reached skill level 5 in Stealth
 12192 | D:9      | Killed Maggie
 12235 | D:9      | Found a shimmering blue altar of Sif Muna.
 12240 | D:9      | Found a snail-covered altar of Cheibriados.
 12240 | D:9      | Found a radiant altar of Vehumet.
 12256 | D:9      | Found a sacrificial altar of Ru.
 12308 | D:9      | Found a staircase to the Orcish Mines.
 12413 | Orc:1    | Entered Level 1 of the Orcish Mines
 12423 | Orc:1    | Noticed Josephine
 12459 | D:10     | Entered Level 10 of the Dungeon
 12654 | D:10     | Found a staircase to the Lair.
 12780 | D:10     | Noticed a two-headed ogre
 12784 | D:10     | Killed a two-headed ogre
 12789 | D:10     | Gained mutation: You have very sharp teeth. [Jiyva's grace]
 12789 | D:10     | Gained mutation: You have extremely sharp teeth. [Jiyva's
                  | grace]
 12789 | D:10     | Gained mutation: You have razor-sharp teeth. [Jiyva's
                  | grace]
 12789 | D:10     | Gained mutation: Your muscles are strong. (Str +4, Int/Dex
                  | -1) [Jiyva's grace]
 13485 | D:3      | Bought a +2 pair of gloves of stealth for 301 gold pieces
 13915 | Lair:1   | Entered Level 1 of the Lair of Beasts
 13973 | Lair:1   | Reached ***** piety under Jiyva
 14219 | Lair:1   | Reached XP level 12. HP: 80/80 MP: 27/27
 14562 | Lair:1   | Lost mutation: You have razor-sharp teeth. [Jiyva's grace]
 14562 | Lair:1   | Lost mutation: You have claws for feet. [Jiyva's grace]
 14562 | Lair:1   | Lost mutation: You have razor-sharp toenails. [Jiyva's
                  | grace]
 14562 | Lair:1   | Lost mutation: Your muscles are strong. (Str +4, Int/Dex
                  | -1) [Jiyva's grace]
 14562 | Lair:1   | Lost mutation: Your melee attacks may engulf your foes in
                  | ooze. [Jiyva's grace]
 14562 | Lair:1   | Gained mutation: You have hidden genetic potential.
                  | [Jiyva's grace]
 14562 | Lair:1   | Gained mutation: You have great hidden genetic potential.
                  | [Jiyva's grace]
 14562 | Lair:1   | Gained mutation: You are robust. (+10% HP) [Jiyva's grace]
 14562 | Lair:1   | Gained mutation: You are very robust. (+20% HP) [Jiyva's
                  | grace]
 14718 | Lair:2   | Reached skill level 12 in Spellcasting
 15149 | Lair:2   | Found a staircase to the Swamp.
 15274 | Lair:2   | Reached ****** piety under Jiyva
 15322 | Lair:2   | Found a hole to the Spider Nest.
 15342 | Lair:2   | Reached skill level 1 in Evocations
 15523 | Lair:2   | Noticed a five-headed hydra
 15531 | Lair:2   | Killed a five-headed hydra
 16335 | Lair:3   | Lost mutation: You have extremely sharp teeth. [Jiyva's
                  | grace]
 16335 | Lair:3   | Lost mutation: Your flesh is almost immune to the effects
                  | of heat. (rF+++) [Jiyva's grace]
 16335 | Lair:3   | Lost mutation: Your flesh is very heat resistant. (rF++)
                  | [Jiyva's grace]
 16335 | Lair:3   | Gained mutation: You are extremely robust. (+30% HP)
                  | [Jiyva's grace]
 16335 | Lair:3   | Gained mutation: Your melee attacks may engulf your foes in
                  | ooze. [Jiyva's grace]
 16335 | Lair:3   | Gained mutation: Your natural rate of healing is unusually
                  | fast. [Jiyva's grace]
 16335 | Lair:3   | Gained mutation: You heal very quickly. [Jiyva's grace]
 16434 | Lair:3   | Noticed an eight-headed hydra
 16631 | Lair:3   | Reached skill level 13 in Spellcasting
 17029 | Lair:3   | Killed an eight-headed hydra
 17099 | Lair:4   | Found a staircase to the Slime Pits.
 17454 | Lair:4   | Reached XP level 13. HP: 102/111 MP: 30/30
 17725 | Lair:5   | Entered Level 5 of the Lair of Beasts
 17845 | Lair:5   | Gained mutation: You have sharp fingernails. [hidden
                  | potential]
 18014 | Lair:5   | Identified the ring of Royalty {rN+ rCorr}
 18024 | Lair:5   | Learned a level 4 spell: Sticky Flame
 18028 | Lair:5   | Learned a level 3 spell: Swiftness
 18033 | Lair:5   | Learned a level 4 spell: Dispel Undead
 18293 | Orc:1    | Killed Josephine
 18686 | Orc:1    | Learned a level 2 spell: Passwall
 18891 | D:3      | Bought a scroll of enchant armour for 82 gold pieces
 18891 | D:3      | Bought a scroll of enchant armour for 82 gold pieces
 19096 | Orc:2    | Entered Level 2 of the Orcish Mines
 19392 | Orc:2    | Lost mutation: You are extremely robust. (+30% HP) [Jiyva's
                  | grace]
 19392 | Orc:2    | Lost mutation: Your melee attacks may engulf your foes in
                  | ooze. [Jiyva's grace]
 19392 | Orc:2    | Gained mutation: Your movements are slightly less
                  | encumbered by armour. (ER -2) [Jiyva's grace]
 19392 | Orc:2    | Gained mutation: Your movements are less encumbered by
                  | armour. (ER -4) [Jiyva's grace]
 19392 | Orc:2    | Gained mutation: Your movements are significantly less
                  | encumbered by armour. (ER -6) [Jiyva's grace]
 19392 | Orc:2    | Gained mutation: You possess an exceptional clarity of
                  | mind. [Jiyva's grace]
 19514 | Orc:2    | Found a staircase to the Elven Halls.
 19576 | Orc:2    | Found Gyuskic's Magic Scroll Shoppe.
 19594 | Orc:2    | Found a radiant altar of Vehumet.
 19647 | Orc:2    | Found an ancient bone altar of Kikubaaqudgha.
 19653 | Orc:2    | Paralysed by an orc sorcerer for 4 turns
 19699 | Orc:2    | Found Vanaikiumea's Antique Armour Shoppe.
 19700 | Orc:2    | Found Cinekh's Antique Armour Emporium.
 19737 | Orc:2    | Found Xikizoad's Book Shoppe.
 19739 | Orc:2    | Bought a runed kite shield for 142 gold pieces
 19739 | Orc:2    | Bought a pair of slimy gloves for 180 gold pieces
 19739 | Orc:2    | Identified the +1 pair of gloves "Pelon" {rF+ Will- Stlth+}
                  | (You bought it in a shop on level 2 of the Orcish Mines)
 19739 | Orc:2    | Bought a faintly humming buckler for 180 gold pieces
 19739 | Orc:2    | Identified the +1 buckler "Biocuw" {Str+5 Int-2} (You
                  | bought it in a shop on level 2 of the Orcish Mines)
 20267 | D:11     | Reached skill level 10 in Stealth
 20497 | D:11     | Mutation became permanent: You are robust. (+10% HP)
                  | [demonic ancestry]
 20497 | D:11     | Gained mutation: You are very robust. (+20% HP) [demonic
                  | ancestry]
 20497 | D:11     | Reached XP level 14. HP: 105/112 MP: 15/31
 20773 | D:11     | Learned a level 5 spell: Lightning Bolt
 20778 | D:11     | Learned a level 4 spell: Summon Lightning Spire
 20783 | D:11     | Learned a level 4 spell: Airstrike
 20825 | D:12     | Found a flickering gateway to a bazaar.
 20834 | Bazaar   | Entered a bazaar
 20848 | Bazaar   | Found Xieqad's Armour Emporium.
 20864 | Bazaar   | Found Akkieb's Book Shoppe.
 20880 | Bazaar   | Found Cidavet's Magic Scroll Shoppe.
 20885 | Bazaar   | Bought a scroll of teleportation for 30 gold pieces
 20885 | Bazaar   | Bought a scroll of teleportation for 30 gold pieces
 20885 | Bazaar   | Bought a scroll of teleportation for 30 gold pieces
 20885 | Bazaar   | Bought a scroll of butterflies for 40 gold pieces
 20950 | D:12     | Gained mutation: Your spells are a little harder to cast,
                  | but a little more powerful. [hidden potential]
 20950 | D:12     | Lost mutation: You have great hidden genetic potential.
                  | [hidden potential expressed]
 20972 | D:12     | Noticed Maurice
 20977 | D:12     | Killed Maurice
 20978 | D:12     | Reached skill level 14 in Spellcasting
 21131 | D:12     | Lost mutation: You heal very quickly. [Jiyva's grace]
 21131 | D:12     | Lost mutation: You have hidden genetic potential. [Jiyva's
                  | grace]
 21131 | D:12     | Gained mutation: Your translucent skin slightly reduces
                  | your foes' accuracy. (Stealth+) [Jiyva's grace]
 21131 | D:12     | Gained mutation: Your translucent skin reduces your foes'
                  | accuracy. (Stealth+) [Jiyva's grace]
 21131 | D:12     | Gained mutation: Your transparent skin significantly
                  | reduces your foes' accuracy. (Stealth+) [Jiyva's grace]
 21131 | D:12     | Gained mutation: Your mind is acute. (Int +4, Str/Dex -1)
                  | [Jiyva's grace]
 21889 | D:13     | Reached skill level 5 in Dodging
 22248 | D:13     | Found a gate to the Vaults.
 22264 | D:13     | Reached skill level 5 in Conjurations
 23213 | D:14     | Identified a scroll of acquirement
 23216 | D:14     | Acquired the +9 plate armour of the Lily {Regen+ MP+9
                  | Str-2}
 23303 | D:14     | Lost mutation: You have sharp toenails. [Jiyva's grace]
 23303 | D:14     | Lost mutation: Your transparent skin significantly reduces
                  | your foes' accuracy. (Stealth+) [Jiyva's grace]
 23303 | D:14     | Lost mutation: Your translucent skin reduces your foes'
                  | accuracy. (Stealth+) [Jiyva's grace]
 23303 | D:14     | Gained mutation: Your muscles are strong. (Str +4, Int/Dex
                  | -1) [Jiyva's grace]
 23303 | D:14     | Gained mutation: Your muscles are very strong. (Str +8,
                  | Int/Dex -2) [Jiyva's grace]
 23303 | D:14     | Gained mutation: Armour fits poorly on your pseudopods.
                  | [Jiyva's grace]
 23303 | D:14     | Gained mutation: Armour fits poorly on your large
                  | pseudopods. [Jiyva's grace]
 23357 | Abyss:3  | Cast into level 3 of the Abyss (a wizard)
 23387 | Abyss:3  | Noticed a tentacled starspawn
 23420 | Abyss:3  | Killed a tentacled starspawn
 23426 | Abyss:3  | Reached skill level 1 in Armour
 23432 | Abyss:3  | HP: 4/115 [raiju (3)]
 23434 | Abyss:3  | Slain by a thrashing horror

Illustrated notes

Levels and vault maps discovered:
D:1:      psy_arrival_radial02, layout_loops_ring
D:2:      wad_woods_tower, layout_loops_ring, serial_shops, shop,
          minmay_circle_x, uniq_terence, uniq_robin
D:3:      layout_rooms, mainiacjoe_overflow_alcove_4, serial_shops, shop,
          nicolae_shop_overgrown_old_shop, nicolae_shop_crystal, shop,
          nicolae_shop_temple_entry_statues_fountains
D:4:      layout_loops_cross, gup_sewer_entry_bubbles, serial_shops,
          nicolae_shop_advertising_works [nicolae_subvault_shop_adworks],
          uniq_menkaure
D:5:      layout_basic, serial_shops, shop, sigmund_army
D:6:      layout_basic, minmay_temple_entry_proselytizer,
          hangedman_decor_lopped, hex_intersection, grunt_ministairs_9
D:7:      layout_cave_pods, uniq_pikel
D:8:      minmay_the_grid_four_pointed_star [minmay_the_grid_triangle_9x9_cache,
          minmay_the_grid_triangle_9x9_alien,
          minmay_the_grid_triangle_9x9_subtriangle,
          minmay_the_grid_triangle_9x9_dagger,
          minmay_the_grid_prize_diamond_cup], layout_cave_pools,
          riverfiend_overflow_shadow_ancestor, nicolae_ossuary_entry_giza,
          uniq_grum, uniq_erica, uniq_joseph, uniq_gastronok
D:9:      layout_rooms, minmay_overflow_temple_star_hex, orc_0_dummy,
          nicolae_shop_overcharged_wands, uniq_maggie
D:10:     layout_roguey [special_room_orc], david_lair_shrubbed,
          grunt_ministairs_4
D:11:     layout_small_grid, lemuel_old_faithful
D:12:     layout_roguey, serial_shops, freezing_bzr, uniq_maurice
D:13:     layout_basic, david_vaults_2
D:14:     layout_irregular_city, fedhas_altar_fruit_tree, uniq_roxanne
Lair:1:   wander_river, layout_gridlike, minivault_24
Lair:2:   cheibrodos_lair_overgrown_chateau, layout_chaotic_city,
          minmay_swamp_entry_eels, spider_nest_entry_a, serial_bayou_pond_c
Lair:3:   layout_regular_city, serial_bayou_pond_b, roderic_carrion_pond,
          lemuel_fruit_tree, lemuel_fruit_fields
Lair:4:   layout_long_grid, slime_entry_1, infiniplex_staircase_pool
Lair:5:   hangedman_lair_in_review, layout_loops_ring, wormcave,
          fungi_pond_lemuel, uniq_urug
Orc:1:    layout_diamond_mine, uniq_josephine
Orc:2:    kennysheep_orc_mage_school, layout_caves, basic_altar
Abyss:3:  base:
Orc:1

Skill      XL: |  1  2  3  4  5  6  7  8  9 10 11 12 13 14 |
---------------+-------------------------------------------+-----
Dodging        | 2 3 4 5 |  5.9
Fire Magic     | 3 4 5 7 8 10 11 12 13 | 13.8
Stealth        | 2 3 4 6 7 10 11 | 11.4
Spellcasting   | 3 4 5 7 9 10 11 13 14 | 14.3
Short Blades   | 1 2 3 4 |  4.9
Fighting       | 1 2 3 4 |  4.5
Conjurations   | 2 3 4 5 |  5.3
Evocations     | 1 |  1.1
Armour         | 1 |  1.0
Shields        | |  0.9
Air Magic      | |  0.2

Action                   |  1- 3 |  4- 6 |  7- 9 | 10-12 | 13-15 || total
-------------------------+-------+-------+-------+-------+-------++-------
Melee: Dagger            |    43 |    96 |    31 |   102 |   192 ||   464
       Punch             |     1 |     2 |     1 |     2 |       ||     6
       Kick              |       |       |       |    11 |    31 ||    42
       Bite              |       |       |       |     1 |    18 ||    19
       Pseudopods        |       |       |       |       |     6 ||     6
 Fire: Sling             |     3 |       |       |       |       ||     3
 Cast: Foxfire           |    29 |    49 |    23 |   101 |    17 ||   219
       Scorch            |     5 |    89 |   103 |   278 |    28 ||   503
       Flame Wave        |       |       |     4 |     4 |     6 ||    14
       Conjure Flame     |       |       |     3 |     5 |     1 ||     9
       Sticky Flame      |       |       |       |       |   126 ||   126
       Swiftness         |       |       |       |       |     1 ||     1
Invok: Oozemancy         |       |       |     1 |     1 |       ||     2
Evoke: Wand              |       |       |       |    18 |     1 ||    19
       Condenser vane    |       |       |       |       |     1 ||     1
  Use: Potion            |     1 |       |     4 |     6 |     6 ||    17
       Scroll            |       |    11 |     9 |     9 |    13 ||    42
 Stab: Sleeping          |     5 |     2 |     3 |    16 |    17 ||    43
       Invisible         |       |       |     1 |       |       ||     1
       Paralysed         |       |       |       |    55 |    86 ||   141
       Confused          |       |       |       |       |     2 ||     2
Armor: Robe              |     8 |    40 |    18 |    53 |    94 ||   213
       Plate armour      |       |       |       |       |    30 ||    30
Dodge: Dodged            |    22 |    74 |    48 |   118 |   248 ||   510
Block: Kite shield       |       |       |       |       |    37 ||    37
